 Dungeon Crawl Stone Soup version 0.28.0-45-g0d030f2227 (webtiles) character file.

Game seed: 3665162599599721818

186 GigaChad the Covered (level 5, -12/70 HPs)
             Began as a Minotaur Fighter on Apr 13, 2022.
             Was a Believer of Trog.
             Mangled by an ogre
             ... wielding a +0 giant club
              (16 damage)
             ... on level 3 of the Dungeon.
             The game lasted 00:03:26 (1364 turns).

GigaChad the Covered (Minotaur Fighter)             Turns: 1364, Time: 00:03:26

Health: -12/70     AC:  7    Str: 20    XL:     5   Next: 38%
Magic:  4/4        EV:  9    Int:  5    God:    Trog [**....]
Gold:   22         SH:  5    Dex: 12    Spells: 4/4 levels left

rFire   . . .      SeeInvis .   a - +0 long sword
rCold   . . .      Faith    .   c - +0 buckler
rNeg    . . .      Spirit   .   b - +0 scale mail
rPois   .          Reflect  .   (helmet restricted)
rElec   .          Harm     .   (no cloak)
rCorr   .          Rampage  .   (no gloves)
Will    ++...                   (no boots)
Stlth   ..........              (no amulet)
HPRegen 1.21/turn               (no ring)
MPRegen 0.09/turn               (no ring)

@: berserking, strong-willed, regenerating, very quick
A: horns 2, retaliatory headbutt
a: Renounce Religion, Berserk, Trog's Hand


You were on level 3 of the Dungeon.
You worshipped Trog.
Trog was pleased with you.
You visited 1 branch of the dungeon, and saw 3 of its levels.

You collected 22 gold pieces.

Inventory:

Hand Weapons
 a - a +0 long sword (weapon)
Missiles
 i - 2 throwing nets (quivered)
 k - 12 bolts
 o - 24 arrows
Armour
 b - a +0 scale mail (worn)
 c - a +0 buckler (worn)
Jewellery
 e - a ring of magical power
 m - a ring of protection from fire
Scrolls
 f - 2 scrolls of teleportation {unknown}
 g - a scroll of fog {unknown}
 l - a scroll of identify {unknown}
 n - a scroll of torment {unknown}
 p - a scroll of immolation {unknown}
 r - a scroll of enchant weapon {unknown}
Potions
 d - 2 potions of might
 h - a potion of brilliance {unknown}
 j - 2 potions of curing {unknown}
 q - 2 potions of lignification {unknown}


   Skills:
 + Level 4.4 Fighting
 + Level 4.4 Long Blades
 + Level 5.1 Armour
 + Level 0.9 Dodging
 + Level 4.2 Shields


You had 4 spell levels left.
You didn't know any spells.
Your spell library contained the following spells:

 Spells                   Type           Power      Damage    Failure   Level
 Sting                    Tmut/Pois      0%         1d3       88%         1
 Poisonous Vapours        Pois/Air       0%         N/A       96%         2
 Confusing Touch          Hex            0%         N/A       99%         3
 Olgreb's Toxic Radiance  Pois           0%         N/A       100%        4
 Yara's Violent Unravell  Hex/Tmut       0%         3d3       100%        5
 Enfeeble                 Hex            0%         N/A       100%        7


Dungeon Overview and Level Annotations

Branches:
Dungeon (3/15)

Altars:
Fedhas
Trog

Shops:
D:2 [

Portals:
Sewer: D:3


Innate Abilities, Weirdness & Mutations

You have a pair of horns on your head.
You reflexively headbutt those who attack you in melee.


Message History

Things that are here:
a +0 hand axe; an orc corpse You hear the brisk rusting of a drain nearby.
You see here a book of Misfortune.
You pick up a book of Misfortune and begin reading...
You add the spells Confusing Touch, Yara's Violent Unravelling and Enfeeble to your library.
As you open the door, it creaks loudly!
An ogre and 8 goblins come into view.
The goblin shouts! x8
Found 11 large rocks.
You hit the goblin.
You kill the goblin!
Trog accepts your kill.
You slash the goblin!
You kill the goblin!
Trog accepts your kill. You block the goblin's attack.
You hit the goblin.
You kill the goblin!
Trog accepts your kill.
The ogre hits you with a +0 giant club!!
Ouch! That really hurt!
You hit the ogre.
The ogre is lightly wounded.
The ogre hits you with a +0 giant club!
* * * LOW HITPOINT WARNING * * *
Your skin crawls.
You feel strong-willed.
You slash the ogre!
The ogre is heavily wounded.
The ogre hits you with a +0 giant club.
* * * LOW HITPOINT WARNING * * *
You hit the ogre.
The ogre is heavily wounded.
The ogre hits you with a +0 giant club!
* * * LOW HITPOINT WARNING * * *
A red film seems to cover your vision as you go berserk!
You feel yourself moving faster!
You feel mighty! The ogre hits you with a +0 giant club!
You die... .#.# ...# #. ...# #.. ### ...###.. #..##### ....##... #.##...# ..#.##...###.##gg.# ...........#.# ggg

..#.######.#.###O###
..#...........#.@#.#########
............))..............
............................
#.#.######...#####.#########
......#........ .....
###.###.##.........###
..................
#.###......######.
###.....###..# ..


You could see an ogre and 5 goblins.

Vanquished Creatures
  A scorpion (D:3)
  Natasha (D:2)
  2 gnolls (D:1)
  4 adders
  A dart slug (D:3)
  3 orcs (D:3)
  A bat (D:2)
  An endoplasm (D:1)
  4 giant cockroaches
  3 hobgoblins (D:1)
  4 quokkas
  11 ball pythons
  2 frilled lizards
  3 goblins (D:3)
  3 kobolds (D:1)
44 creatures vanquished.

Vanquished Creatures (others)
  4 plants (D:2)
4 creatures vanquished.

Grand Total: 48 creatures vanquished

Notes
Turn   | Place    | Note
-------+----------+-------------------------------------------
     0 | D:1      | GigaChad the Minotaur Fighter began the quest for the Orb.
     0 | D:1      | Reached XP level 1. HP: 19/19 MP: 0/0
   155 | D:1      | Reached XP level 2. HP: 27/27 MP: 1/1
   218 | D:1      | Reached skill level 4 in Armour
   230 | D:1      | Reached XP level 3. HP: 20/33 MP: 2/2
   400 | D:2      | Noticed Natasha
   406 | D:2      | Killed Natasha
   425 | D:2      | Found a blossoming altar of Fedhas.
   446 | D:2      | Found Keunaf's Antique Armour Shop.
   567 | D:2      | Found a faded altar of an unknown god.
   591 | D:2      | Reached XP level 4. HP: 35/40 MP: 3/3
   603 | D:2      | Prayed at the altar of an unknown god.
   603 | D:2      | Became a worshipper of Trog the Wrathful
   603 | D:2      | Reached * piety under Trog
   977 | D:3      | Noticed a scorpion
   988 | D:3      | Killed a scorpion
   989 | D:3      | Reached skill level 5 in Armour
   989 | D:3      | Reached XP level 5. HP: 43/47 MP: 4/4
   991 | D:3      | Found a glowing drain.
  1329 | D:3      | Reached ** piety under Trog
  1356 | D:3      | Noticed an ogre
  1363 | D:3      | HP: 2/47 [ogre/+0 giant club (10)]
  1364 | D:3      | Mangled by an ogre

Illustrated notes

Levels and vault maps discovered:
D:1:      nicolae_arrival_washed_ashore, layout_rooms, st_stairs_5
D:2:      layout_basic, basic_altar, serial_forest, infiniplex_forest_lined_3,
          infiniplex_forest_clump_long, infiniplex_forest_side_room,
          infiniplex_forest_lined_corner, infiniplex_forest_3_way,
          infiniplex_forest_lined_2, infiniplex_forest_zigzag_2, serial_shops,
          nicolae_shop_overgrown_old_shop, hellmonk_ecumenical_altar_lost_god,
          minmay_shallow_snake_nest, uniq_natasha
D:3:      layout_basic, portal_sewer_entry_f, minmay_ogre_servants, uniq_grinder

Skill      XL: |  1  2  3  4 |
---------------+-------------+-----
Fighting       | 4 |  4.4
Long Blades    | 3 4 |  4.4
Armour         | 4 5 |  5.1
Shields        | 4 |  4.2
Dodging        | |  0.9

Action                   |  1- 3 |  4- 6 || total
-------------------------+-------+-------++-------
Melee: Long sword        |    36 |    71 ||   107
       Headbutt          |     4 |    10 ||    14
Invok: Berserk           |       |     1 ||     1
       Trog's Hand       |       |     1 ||     1
Armor: Scale mail        |    15 |    52 ||    67
Dodge: Dodged            |    25 |    46 ||    71
Block: Buckler           |     7 |    21 ||    28
